Senators vs Thrashers

Created - January 8 2008 at 19:33

Goals
1 2 3 T
Senators 0 0 0 0
Thrashers 4 1 1 6
Shots
1 2 3 T
Senators 6 2 9 17
Thrashers 14 13 3 30

Period #1

1. Thrashers , Alexander Frolov 18 (Keith Tkachuk) at 0:29
2. Thrashers , Brendan Shanahan 11 (Patrick Marleau, Dan Boyle) at 12:19
3. Thrashers , Keith Tkachuk 15 (Dan Boyle) at 14:13 (PP)
4. Thrashers , Justin Williams 20 (Chris Kelly, Alexander Frolov) at 16:25

Penalties :
Mike Komisarek (ATL) for High sticking (Minor) at 0:54, Mike Cammalleri (OTT) for Roughing (Minor) at 0:54, Christoph Schubert (OTT) for Roughing (Minor) at 3:56, Dany Heatley (ATL) for Holding (Minor) at 10:31, Mike Cammalleri (OTT) for Hooking (Minor) at 10:31, Maxim Afinogenov (OTT) for Goalie Interference (Minor) at 12:47, Christoph Schubert (OTT) for Holding (Minor) at 16:38, Chris Kunitz (OTT) for Hooking (Minor) at 17:33

Period #2

5. Thrashers , Patrick Eaves 2 (Brendan Shanahan, Greg De Vries) at 8:03

Penalties :
Anton Volchenkov (OTT) for Roughing (Double Minor) at 0:41, Brett Clark (ATL) for Interference (Minor) at 8:20, Dan Hamhuis (OTT) for Slashing (Minor) at 10:30, Jay Bouwmeester (OTT) for Interference (Minor) at 13:13, Dan Boyle (ATL) for Tripping (Minor) at 19:03

Period #3

6. Thrashers , Jay Mcclement 10 (Radek Martinek, Patrick Eaves) at 9:37

Penalties :
Keith Tkachuk (ATL) for Tripping (Minor) at 10:29, Patrick Eaves (ATL) for Fighting (Major) at 13:58, Peter Schaefer (OTT) for Fighting (Major) at 13:58, Jay Mcclement (ATL) for Holding (Minor) at 17:40

Goalie Stats

Kari Lehtonen (OTT), 10 saves from 14 shots - (0.714), L, 20-9-0, 16:25 minutes
Pascal Leclaire (OTT), 14 saves from 16 shots - (0.875), 43:35 minutes
Henrik Lundqvist (ATL), 17 saves from 17 shots - (1.000), W, 32-10-3, 60:00 minutes

Players Stats

Senators
Player Name              G  A  P  +/- PIM S  H  SB FO MP 
-----------------------------------------------------------
Andy Mcdonald            0  0  0  -1  0   0  0  0  26 17 
Anton Volchenkov         0  0  0  -1  4   0  1  1  0  14 
Chris Kunitz             0  0  0  -3  2   1  0  0  1  20 
Christoph Schubert       0  0  0  -2  4   1  0  1  0  10 
Dan Hamhuis              0  0  0  -2  2   0  1  4  0  18 
Ilya Kovalchuk           0  0  0  -1  0   0  1  0  5  15 
Jason Spezza             0  0  0  -1  0   6  0  0  16 17 
Jay Bouwmeester          0  0  0  -1  2   2  0  0  0  23 
Marc-Andre Bergeron      0  0  0  -2  0   0  1  0  0  19 
Matt Carle               0  0  0  -2  0   0  0  0  0  22 
Maxim Afinogenov         0  0  0  -1  2   0  0  0  4  12 
Mike Cammalleri          0  0  0  -1  4   2  1  0  2  17 
Peter Schaefer           0  0  0   0  5   0  1  0  1  12 
Petr Prucha              0  0  0  -2  0   0  2  0  1  13 
Rostislav Olesz          0  0  0  -1  0   0  1  1  10 15 
Simon Gagne              0  0  0  -1  0   5  1  0  2  18 
Stephen Weiss            0  0  0  -2  0   0  1  0  18 20 
Tom Preissing            0  0  0   0  0   0  0  1  0  14 
Thrashers
Player Name              G  A  P  +/- PIM S  H  SB FO MP 
-----------------------------------------------------------
Alexander Frolov         1  1  2   2  0   3  0  0  3  22 
Andy Sutton              0  0  0   1  0   0  0  0  0  7  
Brendan Shanahan         1  1  2   3  0   4  1  0  1  18 
Brett Clark              0  0  0   1  2   1  0  2  0  23 
Chris Kelly              0  1  1   1  0   0  0  1  10 11 
Dan Boyle                0  2  2   2  2   2  0  0  0  19 
Dany Heatley             0  0  0   0  2   1  1  0  0  17 
David Backes             0  0  0   0  0   1  0  1  2  17 
Greg De Vries            0  1  1   3  0   1  2  0  0  17 
Jay Mcclement            1  0  1   2  2   2  0  0  16 16 
Justin Williams          1  0  1   2  0   1  0  0  3  17 
Keith Tkachuk            1  1  2   1  2   5  2  0  25 18 
Kyle Calder              0  0  0   0  0   0  0  0  0  6  
Mike Komisarek           0  0  0   1  2   1  8  3  0  24 
Patrick Eaves            1  1  2   2  5   5  1  0  2  16 
Patrick Marleau          0  1  1   1  0   3  0  0  24 20 
Radek Martinek           0  1  1   2  0   0  0  1  0  16 
Wade Redden              0  0  0   0  0   0  0  0  0  20 

3 Stars

1 - Brendan Shanahan (ATL)
2 - Henrik Lundqvist (ATL)
3 - Patrick Eaves (ATL)

Power Play

Senators - 0 on 4 Attempt(s) - 0.00%
Thrashers - 1 on 7 Attempt(s) - 14.29%

Penalty Kill

Senators - 6 on 7 Attempt(s) - 85.71% - Score 0 goal in Penalty Kill
Thrashers - 4 on 4 Attempt(s) - 100.00% - Score 0 goal in Penalty Kill

Game Notes

Pascal Leclaire enters game at 16:25 of 1st period
Patrick Eaves beats up Peter Schaefer at 13:58 of 3rd period

Finance

Level 1 -- Attendance: 5571 (92.86%) -- Ticket Income $417,825.00
Level 2 -- Attendance: 4450 (88.99%) -- Ticket Income $222,500.00
Level 3 -- Attendance: 2000 (100.00%) -- Ticket Income $60,000.00
Level 4 -- Attendance: 3576 (89.41%) -- Ticket Income $71,520.00
Luxury Box -- Attendance: 1000 (100.00%) -- Ticket Income $150,000.00
Game was played at the Philips Arena
Total Attendance: 16597 (89.50%)
Total Ticket Income: $981,123.40
Other Income: $172,191.30
Total Income: $1,153,314.00


Play by Play

Period #1

0:01 of 1st period - Jason Spezza wins face-off versus Patrick Marleau in neutral zone.
0:04 of 1st period - Shot by Matt Carle.
0:04 of 1st period - Shot Misses the Net.
0:06 of 1st period - Shot by Jason Spezza.
0:06 of 1st period - Stopped by Henrik Lundqvist without a rebound.
0:07 of 1st period - Keith Tkachuk wins face-off versus Andy Mcdonald in Thrashers zone.
0:29 of 1st period - Shot by Alexander Frolov.
0:29 of 1st period - Goal by Alexander Frolov - Senators : 0 - Thrashers : 1.
0:30 of 1st period - Jason Spezza wins face-off versus Patrick Marleau in neutral zone.
0:54 of 1st period - Minor Penalty to Mike Komisarek for High sticking.
0:54 of 1st period - Minor Penalty to Mike Cammalleri for Roughing.
0:55 of 1st period - Patrick Marleau wins face-off versus Ilya Kovalchuk in Thrashers zone.
1:24 of 1st period - Shot by Patrick Marleau.
1:24 of 1st period - Stopped by Kari Lehtonen without a rebound.
1:25 of 1st period - Chris Kunitz wins face-off versus Justin Williams in Senators zone.
2:42 of 1st period - Shot by Patrick Marleau.
2:42 of 1st period - Deflect By Brendan Shanahan.
2:42 of 1st period - Stopped by Kari Lehtonen without a rebound.
2:43 of 1st period - Patrick Marleau wins face-off versus Ilya Kovalchuk in Senators zone.
3:49 of 1st period - Icing by Andy Sutton.
3:50 of 1st period - Chris Kelly wins face-off versus Stephen Weiss in Thrashers zone.
3:50 of 1st period - Alexander Frolov is hit by Petr Prucha and loses puck.
3:56 of 1st period - Minor Penalty to Christoph Schubert for Roughing.
3:57 of 1st period - Stephen Weiss wins face-off versus David Backes in Senators zone.
4:18 of 1st period - Shot by Dan Boyle.
4:18 of 1st period - Shot Blocked by Anton Volchenkov.
4:20 of 1st period - Shot by Brett Clark.
4:20 of 1st period - Shot Blocked by Dan Hamhuis.
4:22 of 1st period - Shot by Dan Boyle.
4:22 of 1st period - Stopped by Kari Lehtonen without a rebound.
4:23 of 1st period - Rostislav Olesz wins face-off versus Patrick Marleau in Senators zone.
4:44 of 1st period - Icing by Patrick Marleau.
4:45 of 1st period - Patrick Marleau wins face-off versus Stephen Weiss in Thrashers zone.
5:44 of 1st period - Icing by Brett Clark.
5:45 of 1st period - Stephen Weiss wins face-off versus Keith Tkachuk in Thrashers zone.
5:46 of 1st period - Shot by Chris Kunitz.
5:46 of 1st period - Shot Blocked by Brett Clark.
6:09 of 1st period - Off-side.
6:10 of 1st period - Jason Spezza wins face-off versus Jay Mcclement in neutral zone.
6:27 of 1st period - Shot by Greg De Vries.
6:27 of 1st period - Stopped by Kari Lehtonen without a rebound.
6:28 of 1st period - Chris Kelly wins face-off versus Andy Mcdonald in Senators zone.
6:33 of 1st period - Shot by Justin Williams.
6:33 of 1st period - Deflect By Alexander Frolov.
6:33 of 1st period - Stopped by Kari Lehtonen with a rebound.
6:49 of 1st period - Icing by Andy Sutton.
6:50 of 1st period - Stephen Weiss wins face-off versus Justin Williams in Thrashers zone.
8:03 of 1st period - Shot by Patrick Eaves.
8:03 of 1st period - Shot Misses the Net.
9:03 of 1st period - Shot by Simon Gagne.
9:03 of 1st period - Stopped by Henrik Lundqvist without a rebound.
9:04 of 1st period - Keith Tkachuk wins face-off versus Andy Mcdonald in Thrashers zone.
10:31 of 1st period - Minor Penalty to Dany Heatley for Holding.
10:31 of 1st period - Minor Penalty to Mike Cammalleri for Hooking.
10:32 of 1st period - Rostislav Olesz wins face-off versus Patrick Marleau in neutral zone.
10:39 of 1st period - Shot by Simon Gagne.
10:39 of 1st period - Stopped by Henrik Lundqvist with a rebound.
10:56 of 1st period - Off-side.
10:57 of 1st period - Jason Spezza wins face-off versus Jay Mcclement in neutral zone.
12:19 of 1st period - Shot by Brendan Shanahan.
12:19 of 1st period - Goal by Brendan Shanahan - Senators : 0 - Thrashers : 2.
12:20 of 1st period - Ilya Kovalchuk wins face-off versus Patrick Marleau in neutral zone.
12:37 of 1st period - Shot by Jason Spezza.
12:37 of 1st period - Stopped by Henrik Lundqvist without a rebound.
12:38 of 1st period - Jason Spezza wins face-off versus Chris Kelly in Thrashers zone.
12:38 of 1st period - Jason Spezza is hit by Mike Komisarek.
12:44 of 1st period - Shot by Jason Spezza.
12:44 of 1st period - Stopped by Henrik Lundqvist without a rebound.
12:45 of 1st period - Patrick Marleau wins face-off versus Andy Mcdonald in Thrashers zone.
12:47 of 1st period - Minor Penalty to Maxim Afinogenov for Goalie Interference.
12:48 of 1st period - Rostislav Olesz wins face-off versus Keith Tkachuk in neutral zone.
12:48 of 1st period - Peter Schaefer is hit by Keith Tkachuk and loses puck.
13:08 of 1st period - Shot by Brett Clark.
13:08 of 1st period - Stopped by Kari Lehtonen without a rebound.
13:09 of 1st period - Stephen Weiss wins face-off versus Patrick Marleau in Senators zone.
13:39 of 1st period - Shot by Patrick Marleau.
13:39 of 1st period - Shot Blocked by Tom Preissing.
13:41 of 1st period - Shot by Mike Komisarek.
13:41 of 1st period - Shot Misses the Net.
14:11 of 1st period - Shot by Keith Tkachuk.
14:11 of 1st period - Shot Misses the Net.
14:13 of 1st period - Shot by Keith Tkachuk.
14:13 of 1st period - Goal by Keith Tkachuk - Senators : 0 - Thrashers : 3.
14:14 of 1st period - Keith Tkachuk wins face-off versus Jason Spezza in neutral zone.
14:29 of 1st period - Shot by Alexander Frolov.
14:29 of 1st period - Shot Misses the Net.
14:51 of 1st period - Shot by Keith Tkachuk.
14:51 of 1st period - Stopped by Kari Lehtonen with a rebound.
15:00 of 1st period - Icing by Jay Bouwmeester.
15:01 of 1st period - Jason Spezza wins face-off versus Jay Mcclement in Senators zone.
15:11 of 1st period - Icing by Radek Martinek.
15:12 of 1st period - Jay Mcclement wins face-off versus Andy Mcdonald in Thrashers zone.
15:25 of 1st period - Shot by Jay Mcclement.
15:25 of 1st period - Shot Misses the Net.
15:38 of 1st period - Shot by Patrick Eaves.
15:38 of 1st period - Stopped by Kari Lehtonen with a rebound.
15:43 of 1st period - Icing by Maxim Afinogenov.
15:44 of 1st period - Patrick Marleau wins face-off versus Maxim Afinogenov in Senators zone.
16:07 of 1st period - Shot by Patrick Marleau.
16:07 of 1st period - Stopped by Kari Lehtonen without a rebound.
16:08 of 1st period - Keith Tkachuk wins face-off versus Stephen Weiss in Senators zone.
16:17 of 1st period - Shot by Justin Williams.
16:17 of 1st period - Shot Blocked by Christoph Schubert.
16:19 of 1st period - Shot by Keith Tkachuk.
16:19 of 1st period - Stopped by Kari Lehtonen without a rebound.
16:20 of 1st period - Alexander Frolov wins face-off versus Jason Spezza in Senators zone.
16:23 of 1st period - Shot by Justin Williams.
16:23 of 1st period - Shot Misses the Net.
16:25 of 1st period - Shot by Justin Williams.
16:25 of 1st period - Goal by Justin Williams - Senators : 0 - Thrashers : 4.
16:25 of 1st period - Pascal Leclaire enters game.
16:26 of 1st period - Petr Prucha wins face-off versus Patrick Marleau in neutral zone.
16:38 of 1st period - Minor Penalty to Christoph Schubert for Holding.
16:39 of 1st period - Keith Tkachuk wins face-off versus Rostislav Olesz in Senators zone.
17:33 of 1st period - Minor Penalty to Chris Kunitz for Hooking.
17:34 of 1st period - Rostislav Olesz wins face-off versus Patrick Marleau in Thrashers zone.
17:39 of 1st period - Shot by Rostislav Olesz.
17:39 of 1st period - Shot Blocked by Mike Komisarek.
18:23 of 1st period - Anton Volchenkov is hit by Dany Heatley.
18:26 of 1st period - Off-side.
18:27 of 1st period - Rostislav Olesz wins face-off versus Keith Tkachuk in neutral zone.
18:32 of 1st period - Icing by Alexander Frolov.
18:33 of 1st period - Jason Spezza wins face-off versus Keith Tkachuk in Thrashers zone.
19:40 of 1st period - Shot by Alexander Frolov.
19:40 of 1st period - Shot Misses the Net.
19:54 of 1st period - Shot by Simon Gagne.
19:54 of 1st period - Shot Misses the Net.
19:56 of 1st period - Shot by Jason Spezza.
19:56 of 1st period - Stopped by Henrik Lundqvist with a rebound.

Period #2

0:01 of 2nd period - Patrick Marleau wins face-off versus Jason Spezza in neutral zone.
0:16 of 2nd period - Shot by Dany Heatley.
0:16 of 2nd period - Stopped by Pascal Leclaire without a rebound.
0:17 of 2nd period - Keith Tkachuk wins face-off versus Andy Mcdonald in Senators zone.
0:31 of 2nd period - Keith Tkachuk is hit by Anton Volchenkov and loses puck.
0:41 of 2nd period - Double Minor Penalty to Anton Volchenkov for Roughing.
0:42 of 2nd period - Patrick Eaves wins face-off versus Rostislav Olesz in Senators zone.
0:55 of 2nd period - Shot by Patrick Marleau.
0:55 of 2nd period - Shot Misses the Net.
0:57 of 2nd period - Shot by Mike Komisarek.
0:57 of 2nd period - Stopped by Pascal Leclaire without a rebound.
0:58 of 2nd period - Stephen Weiss wins face-off versus Keith Tkachuk in Senators zone.
1:09 of 2nd period - Shot by Brett Clark.
1:09 of 2nd period - Shot Misses the Net.
1:11 of 2nd period - Shot by Dan Boyle.
1:11 of 2nd period - Shot Misses the Net.
1:13 of 2nd period - Shot by Brett Clark.
1:13 of 2nd period - Shot Blocked by Dan Hamhuis.
1:15 of 2nd period - Shot by Dan Boyle.
1:15 of 2nd period - Shot Blocked by Dan Hamhuis.
1:19 of 2nd period - Shot by Alexander Frolov.
1:19 of 2nd period - Stopped by Pascal Leclaire without a rebound.
1:20 of 2nd period - Patrick Marleau wins face-off versus Rostislav Olesz in Senators zone.
2:03 of 2nd period - Shot by Patrick Eaves.
2:03 of 2nd period - Stopped by Pascal Leclaire without a rebound.
2:04 of 2nd period - Stephen Weiss wins face-off versus Alexander Frolov in Senators zone.
3:15 of 2nd period - Shot by Patrick Marleau.
3:15 of 2nd period - Stopped by Pascal Leclaire without a rebound.
3:16 of 2nd period - Patrick Marleau wins face-off versus Rostislav Olesz in Senators zone.
3:34 of 2nd period - Shot by Patrick Eaves.
3:34 of 2nd period - Shot Misses the Net.
3:36 of 2nd period - Shot by Mike Komisarek.
3:36 of 2nd period - Shot Misses the Net.
3:38 of 2nd period - Shot by Mike Komisarek.
3:38 of 2nd period - Shot Misses the Net.
4:42 of 2nd period - Shot by Patrick Eaves.
4:42 of 2nd period - Shot Misses the Net.
4:47 of 2nd period - Icing by Maxim Afinogenov.
4:48 of 2nd period - Andy Mcdonald wins face-off versus Alexander Frolov in Senators zone.
5:34 of 2nd period - Off-side.
5:35 of 2nd period - Jay Mcclement wins face-off versus Jason Spezza in neutral zone.
6:10 of 2nd period - Shot by Simon Gagne.
6:10 of 2nd period - Shot Misses the Net.
7:04 of 2nd period - Shot by Stephen Weiss.
7:04 of 2nd period - Shot Blocked by Brett Clark.
7:33 of 2nd period - Icing by Christoph Schubert.
7:34 of 2nd period - Stephen Weiss wins face-off versus Patrick Eaves in Senators zone.
7:48 of 2nd period - Dan Hamhuis is hit by Patrick Eaves and loses puck.
7:57 of 2nd period - Shot by Patrick Eaves.
7:57 of 2nd period - Stopped by Pascal Leclaire with a rebound.
7:59 of 2nd period - Shot by Brendan Shanahan.
7:59 of 2nd period - Stopped by Pascal Leclaire with a rebound.
8:03 of 2nd period - Shot by Patrick Eaves.
8:03 of 2nd period - Goal by Patrick Eaves - Senators : 0 - Thrashers : 5.
8:04 of 2nd period - Keith Tkachuk wins face-off versus Andy Mcdonald in neutral zone.
8:20 of 2nd period - Minor Penalty to Brett Clark for Interference.
8:21 of 2nd period - Chris Kelly wins face-off versus Andy Mcdonald in Thrashers zone.
9:03 of 2nd period - Icing by Andy Mcdonald.
9:04 of 2nd period - Jay Mcclement wins face-off versus Andy Mcdonald in Senators zone.
10:01 of 2nd period - Shot by Marc-Andre Bergeron.
10:01 of 2nd period - Shot Blocked by Mike Komisarek.
10:05 of 2nd period - Shot by Ilya Kovalchuk.
10:05 of 2nd period - Shot Misses the Net.
10:09 of 2nd period - Shot by Jason Spezza.
10:09 of 2nd period - Shot Blocked by Chris Kelly.
10:11 of 2nd period - Shot by Jason Spezza.
10:11 of 2nd period - Stopped by Henrik Lundqvist without a rebound.
10:12 of 2nd period - Jason Spezza wins face-off versus Jay Mcclement in Thrashers zone.
10:21 of 2nd period - Shot by Jason Spezza.
10:21 of 2nd period - Stopped by Henrik Lundqvist with a rebound.
10:30 of 2nd period - Minor Penalty to Dan Hamhuis for Slashing.
10:31 of 2nd period - Keith Tkachuk wins face-off versus Peter Schaefer in Senators zone.
10:32 of 2nd period - Shot by Dan Boyle.
10:32 of 2nd period - Stopped by Pascal Leclaire with a rebound.
11:39 of 2nd period - Peter Schaefer is hit by Keith Tkachuk and loses puck.
12:34 of 2nd period - Shot by Dany Heatley.
12:34 of 2nd period - Shot Blocked by Rostislav Olesz.
12:38 of 2nd period - Shot by Brendan Shanahan.
12:38 of 2nd period - Stopped by Pascal Leclaire without a rebound.
12:39 of 2nd period - Jay Mcclement wins face-off versus Andy Mcdonald in Senators zone.
12:46 of 2nd period - Shot by Brendan Shanahan.
12:46 of 2nd period - Deflect By Jay Mcclement.
12:46 of 2nd period - Shot Misses the Net.
12:48 of 2nd period - Shot by Jay Mcclement.
12:48 of 2nd period - Stopped by Pascal Leclaire without a rebound.
12:49 of 2nd period - Jason Spezza wins face-off versus Chris Kelly in Senators zone.
13:12 of 2nd period - Shot by Mike Komisarek.
13:12 of 2nd period - Shot Misses the Net.
13:13 of 2nd period - Minor Penalty to Jay Bouwmeester for Interference.
13:14 of 2nd period - Patrick Marleau wins face-off versus Rostislav Olesz in Senators zone.
13:57 of 2nd period - Icing by Wade Redden.
13:58 of 2nd period - Stephen Weiss wins face-off versus Patrick Marleau in Thrashers zone.
14:45 of 2nd period - Shot by Brett Clark.
14:45 of 2nd period - Shot Misses the Net.
14:49 of 2nd period - Shot by Keith Tkachuk.
14:49 of 2nd period - Stopped by Pascal Leclaire with a rebound.
14:51 of 2nd period - Shot by David Backes.
14:51 of 2nd period - Stopped by Pascal Leclaire without a rebound.
14:52 of 2nd period - Keith Tkachuk wins face-off versus Stephen Weiss in Senators zone.
15:15 of 2nd period - Justin Williams is hit by Simon Gagne and loses puck.
15:31 of 2nd period - Shot by Simon Gagne.
15:31 of 2nd period - Deflect By Mike Cammalleri.
15:31 of 2nd period - Shot Misses the Net.
15:34 of 2nd period - Icing by Andy Sutton.
15:35 of 2nd period - Justin Williams wins face-off versus Andy Mcdonald in Thrashers zone.
16:03 of 2nd period - Off-side.
16:04 of 2nd period - Jay Mcclement wins face-off versus Stephen Weiss in neutral zone.
16:12 of 2nd period - Icing by Dan Hamhuis.
16:13 of 2nd period - Stephen Weiss wins face-off versus Jay Mcclement in Senators zone.
17:13 of 2nd period - Icing by Greg De Vries.
17:14 of 2nd period - Jay Mcclement wins face-off versus Andy Mcdonald in Thrashers zone.
17:53 of 2nd period - Tom Preissing is hit by Mike Komisarek and loses puck.
17:57 of 2nd period - Peter Schaefer is hit by Mike Komisarek.
19:03 of 2nd period - Minor Penalty to Dan Boyle for Tripping.
19:04 of 2nd period - Ilya Kovalchuk wins face-off versus Jay Mcclement in Thrashers zone.
19:43 of 2nd period - Shot by Jay Bouwmeester.
19:43 of 2nd period - Shot Misses the Net.
19:52 of 2nd period - Icing by Simon Gagne.
19:53 of 2nd period - Chris Kelly wins face-off versus Andy Mcdonald in Senators zone.

Period #3

0:01 of 3rd period - Andy Mcdonald wins face-off versus Chris Kelly in neutral zone.
0:06 of 3rd period - Shot by Jay Bouwmeester.
0:06 of 3rd period - Deflect By Simon Gagne.
0:06 of 3rd period - Shot Misses the Net.
0:27 of 3rd period - Shot by Jay Bouwmeester.
0:27 of 3rd period - Shot Blocked by Mike Komisarek.
0:29 of 3rd period - Shot by Jay Bouwmeester.
0:29 of 3rd period - Stopped by Henrik Lundqvist without a rebound.
0:30 of 3rd period - Jay Mcclement wins face-off versus Mike Cammalleri in Thrashers zone.
1:17 of 3rd period - Stephen Weiss is hit by Mike Komisarek and loses puck.
1:37 of 3rd period - Shot by Chris Kunitz.
1:37 of 3rd period - Shot Blocked by David Backes.
1:39 of 3rd period - Shot by Dan Hamhuis.
1:39 of 3rd period - Shot Misses the Net.
1:41 of 3rd period - Shot by Christoph Schubert.
1:41 of 3rd period - Stopped by Henrik Lundqvist without a rebound.
1:42 of 3rd period - Keith Tkachuk wins face-off versus Andy Mcdonald in Thrashers zone.
1:42 of 3rd period - Justin Williams is hit by Rostislav Olesz.
1:43 of 3rd period - Icing by Justin Williams.
1:44 of 3rd period - Andy Mcdonald wins face-off versus Keith Tkachuk in Thrashers zone.
2:09 of 3rd period - Shot by Andy Mcdonald.
2:09 of 3rd period - Shot Hit the Post.
2:33 of 3rd period - Dan Boyle is hit by Marc-Andre Bergeron and loses puck.
2:59 of 3rd period - Off-side.
3:00 of 3rd period - Patrick Marleau wins face-off versus Stephen Weiss in neutral zone.
4:01 of 3rd period - Matt Carle is hit by Greg De Vries and loses puck.
4:06 of 3rd period - Shot by Jason Spezza.
4:06 of 3rd period - Shot Misses the Net.
4:08 of 3rd period - Shot by Mike Cammalleri.
4:08 of 3rd period - Shot Misses the Net.
4:10 of 3rd period - Shot by Jason Spezza.
4:10 of 3rd period - Shot Misses the Net.
4:12 of 3rd period - Shot by Simon Gagne.
4:12 of 3rd period - Stopped by Henrik Lundqvist with a rebound.
4:16 of 3rd period - Shot by Mike Cammalleri.
4:16 of 3rd period - Stopped by Henrik Lundqvist without a rebound.
4:17 of 3rd period - Ilya Kovalchuk wins face-off versus Keith Tkachuk in Thrashers zone.
4:36 of 3rd period - Icing by Brett Clark.
4:37 of 3rd period - Keith Tkachuk wins face-off versus Andy Mcdonald in Thrashers zone.
5:48 of 3rd period - Shot by Simon Gagne.
5:48 of 3rd period - Deflect By Mike Cammalleri.
5:48 of 3rd period - Stopped by Henrik Lundqvist with a rebound.
5:52 of 3rd period - Shot by Simon Gagne.
5:52 of 3rd period - Stopped by Henrik Lundqvist without a rebound.
5:53 of 3rd period - Stephen Weiss wins face-off versus Patrick Marleau in Thrashers zone.
6:07 of 3rd period - Petr Prucha is hit by Mike Komisarek and loses puck.
6:12 of 3rd period - Shot by Chris Kunitz.
6:12 of 3rd period - Stopped by Henrik Lundqvist without a rebound.
6:13 of 3rd period - Jason Spezza wins face-off versus Chris Kelly in Thrashers zone.
6:22 of 3rd period - Shot by Simon Gagne.
6:22 of 3rd period - Shot Misses the Net.
6:52 of 3rd period - Chris Kelly is hit by Mike Cammalleri and loses puck.
7:40 of 3rd period - Shot by Jay Mcclement.
7:40 of 3rd period - Shot Misses the Net.
7:42 of 3rd period - Shot by Jay Mcclement.
7:42 of 3rd period - Deflect By Patrick Eaves.
7:42 of 3rd period - Stopped by Pascal Leclaire without a rebound.
7:43 of 3rd period - Patrick Marleau wins face-off versus Andy Mcdonald in Senators zone.
8:37 of 3rd period - Icing by Dan Boyle.
8:38 of 3rd period - Keith Tkachuk wins face-off versus Stephen Weiss in Thrashers zone.
8:51 of 3rd period - Icing by Brett Clark.
8:52 of 3rd period - Stephen Weiss wins face-off versus Keith Tkachuk in Thrashers zone.
9:31 of 3rd period - Shot by Patrick Eaves.
9:31 of 3rd period - Shot Blocked by Dan Hamhuis.
9:37 of 3rd period - Shot by Jay Mcclement.
9:37 of 3rd period - Goal by Jay Mcclement - Senators : 0 - Thrashers : 6.
9:38 of 3rd period - Andy Mcdonald wins face-off versus Patrick Marleau in neutral zone.
9:57 of 3rd period - Off-side.
9:58 of 3rd period - Brendan Shanahan wins face-off versus Andy Mcdonald in neutral zone.
10:08 of 3rd period - Jay Mcclement is hit by Ilya Kovalchuk and loses puck.
10:12 of 3rd period - Off-side.
10:13 of 3rd period - Keith Tkachuk wins face-off versus Jason Spezza in neutral zone.
10:29 of 3rd period - Minor Penalty to Keith Tkachuk for Tripping.
10:30 of 3rd period - Andy Mcdonald wins face-off versus Jay Mcclement in neutral zone.
10:44 of 3rd period - Maxim Afinogenov is hit by Mike Komisarek and loses puck.
11:01 of 3rd period - Shot by Simon Gagne.
11:01 of 3rd period - Shot Misses the Net.
11:23 of 3rd period - Shot by Stephen Weiss.
11:23 of 3rd period - Shot Misses the Net.
11:48 of 3rd period - Shot by Marc-Andre Bergeron.
11:48 of 3rd period - Shot Blocked by Radek Martinek.
12:38 of 3rd period - Icing by Brett Clark.
12:39 of 3rd period - Simon Gagne wins face-off versus Keith Tkachuk in Thrashers zone.
13:23 of 3rd period - Icing by Brett Clark.
13:24 of 3rd period - Keith Tkachuk wins face-off versus Andy Mcdonald in Thrashers zone.
13:38 of 3rd period - Marc-Andre Bergeron is hit by Brendan Shanahan and loses puck.
13:43 of 3rd period - Radek Martinek is hit by Peter Schaefer and loses puck.
13:58 of 3rd period - Patrick Eaves beats up Peter Schaefer.
13:58 of 3rd period - Penalty to Patrick Eaves for Fighting.
13:58 of 3rd period - Penalty to Peter Schaefer for Fighting.
13:59 of 3rd period - Jason Spezza wins face-off versus Patrick Marleau in Thrashers zone.
14:00 of 3rd period - Shot by Simon Gagne.
14:00 of 3rd period - Stopped by Henrik Lundqvist without a rebound.
14:01 of 3rd period - Patrick Marleau wins face-off versus Mike Cammalleri in Thrashers zone.
14:19 of 3rd period - Icing by Jay Bouwmeester.
14:20 of 3rd period - Simon Gagne wins face-off versus Jay Mcclement in Senators zone.
14:52 of 3rd period - Jay Mcclement is hit by Dan Hamhuis and loses puck.
15:10 of 3rd period - Petr Prucha is hit by Mike Komisarek and loses puck.
15:24 of 3rd period - Mike Komisarek is hit by Petr Prucha and loses puck.
15:36 of 3rd period - Petr Prucha is hit by Mike Komisarek and loses puck.
16:52 of 3rd period - Jason Spezza is hit by Greg De Vries and loses puck.
17:35 of 3rd period - Icing by Radek Martinek.
17:36 of 3rd period - Jay Mcclement wins face-off versus Andy Mcdonald in Thrashers zone.
17:40 of 3rd period - Minor Penalty to Jay Mcclement for Holding.
17:41 of 3rd period - Chris Kelly wins face-off versus Maxim Afinogenov in Senators zone.
17:41 of 3rd period - Wade Redden is hit by Stephen Weiss and loses puck.
18:30 of 3rd period - Icing by Stephen Weiss.
18:31 of 3rd period - David Backes wins face-off versus Maxim Afinogenov in Senators zone.
18:37 of 3rd period - Icing by Stephen Weiss.
18:38 of 3rd period - Keith Tkachuk wins face-off versus Maxim Afinogenov in Senators zone.
18:47 of 3rd period - Shot by Keith Tkachuk.
18:47 of 3rd period - Shot Misses the Net.
18:49 of 3rd period - Shot by Keith Tkachuk.
18:49 of 3rd period - Stopped by Pascal Leclaire without a rebound.
18:50 of 3rd period - Andy Mcdonald wins face-off versus Chris Kelly in Senators zone.
19:22 of 3rd period - Shot by Jay Bouwmeester.
19:22 of 3rd period - Stopped by Henrik Lundqvist without a rebound.
19:23 of 3rd period - Andy Mcdonald wins face-off versus Keith Tkachuk in Thrashers zone.


Output by the SimonT Hockey Simulator (STHS) for Stephane Roy -- Original Page W3C XHTML 1.0 Valid